 Dungeon Crawl Stone Soup version 0.28.0-53-g5a82cb258f (webtiles) character file.

Game seed: 15490688561392527385

467 safid the Digger (level 7, -8/37 HPs)
             Began as a Gargoyle Earth Elementalist on Aug 25, 2022.
             Was an Initiate of Vehumet.
             Mangled by an ogre
             ... wielding a +0 giant club
              (13 damage)
             ... on level 4 of the Dungeon.
             The game lasted 00:05:24 (3626 turns).

safid the Digger (Gargoyle Earth Elementalist)      Turns: 3626, Time: 00:05:25

Health: -8/37      AC:  7    Str: 11    XL:     7   Next: 8%
Magic:  8/12       EV: 12    Int: 18    God:    Vehumet [......]
Gold:   147        SH:  0    Dex: 10    Spells: 4/12 levels left

rFire   . . .      SeeInvis +   h - +1 demon trident (elec)
rCold   . . .      Faith    .   (no shield)
rNeg    + . .      Spirit   .   b - +0 robe
rPois   ∞          Reflect  .   (no helmet)
rElec   +          Harm     .   a - +0 cloak
rCorr   .          Rampage  .   (no gloves)
Will    +....                   (no boots)
Stlth   ++........              (no amulet)
HPRegen 0.12/turn               e - ring of willpower
MPRegen 0.13/turn               n - ring of see invisible

@: very slightly contaminated
A: sickness immunity, AC +4, negative energy resistance 1, electricity
resistance, torment resistance 1, petrification resistance
a: Renounce Religion


You were on level 4 of the Dungeon.
You worshipped Vehumet.
Vehumet was noncommittal.
You visited 2 branches of the dungeon, and saw 5 of its levels.

You collected 147 gold pieces.

Inventory:

Hand Weapons
 h - a +1 demon trident of electrocution (weapon)
Missiles
 c - 126 stones
Armour
 a - a +0 cloak (worn)
 b - a +0 robe (worn)
Jewellery
 e - a ring of willpower (left hand)
 n - a ring of see invisible (right hand)
Wands
 m - a wand of polymorph (7)
Scrolls
 f - 2 scrolls of teleportation {unknown}
 i - a scroll of amnesia {unknown}
 j - a scroll of noise {unknown}
Potions
 d - a potion of attraction {unknown}
 g - 3 potions of mutation {unknown}
 k - 3 potions of degeneration {unknown}
 l - a potion of resistance {unknown}
 o - a potion of heal wounds {unknown}


   Skills:
 + Level 0.6 Fighting
 - Level 3.0 Dodging
 + Level 4.3 Stealth
 + Level 3.4 Spellcasting
 + Level 0.3 Conjurations
 + Level 0.2 Translocations
 + Level 2.5 Transmutations
 + Level 5.1 Earth Magic


You had 4 spell levels left.
You knew the following spells:

 Your Spells              Type           Power      Damage    Failure   Level
a - Sandblast             Erth           42%        2d11      1%          1
b - Stone Arrow           Conj/Erth      24%        3d8       16%         3
c - Iskenderun's Mystic   Conj/Tloc      4%         2d3       80%         4

Your spell library contained the following spells:

 Spells                   Type           Power      Damage    Failure   Level
 Passwall                 Tmut/Erth      13%        N/A       4%          2
 Ignite Poison            Fire/Tmut/Pois 6%         N/A       32%         3
 Petrify                  Tmut/Erth      16%        N/A       32%         4
 Conjure Flame            Conj/Fire      3%         6-21      41%         3
 Dazzling Flash           Conj/Hex       6%         N/A       41%         3
 Sticky Flame             Conj/Fire      3%         2d3       82%         4
 Starburst                Conj/Fire      1%         6d3       100%        6


Dungeon Overview and Level Annotations

Branches:
Dungeon (4/15)             Temple (1/1) D:4

Altars:
Cheibriados
Dithmenos
Elyvilon
Gozag
Kikubaaqudgha
Qazlal
Ru
Trog
Uskayaw
Vehumet
Wu Jian
Xom
Zin

Annotations:
D:2 1 runed translucent door, Crazy Yiuf


Innate Abilities, Weirdness & Mutations

You are immune to sickness and miasma.
Your stone body is resilient. (AC +4)
You are immune to poison.
You resist negative energy. (rN+)
You are resistant to electric shocks. (rElec)
You are resistant to unholy torment.
You are immune to petrification.


Message History

An ogre comes into view. It is wielding a +0 giant club.
Found an escape hatch in the floor.
The ogre shouts!
Casting: Sandblast (safe; 1% risk of failure)
Confirm with . or Enter, or press ? or * to list all spells.
Aiming: Sandblast (safe; 1% risk of failure)
Press: ? - help, Shift-Dir - straight line, f - ogre
Aim: an ogre, wielding a +0 giant club (91% to hit)
The blast of sand hits the ogre!
The ogre is moderately wounded.
The ogre hits you with a +0 giant club!
Unknown command.
Casting: Sandblast (safe; 1% risk of failure)
Confirm with . or Enter, or press ? or * to list all spells.
Aiming: Sandblast (safe; 1% risk of failure)
Press: ? - help, Shift-Dir - straight line, f/p - ogre
Aim: an ogre, wielding a +0 giant club (moderately wounded, 91% to hit)
You miscast Sandblast.
You are very lightly contaminated with residual magic.
Nothing appears to happen.
Unknown command.
Casting: Sandblast (safe; 1% risk of failure)
Confirm with . or Enter, or press ? or * to list all spells.
Aiming: Sandblast (safe; 1% risk of failure)
Press: ? - help, Shift-Dir - straight line, f/p - ogre
Aim: an ogre, wielding a +0 giant club (moderately wounded, 91% to hit)
The blast of sand hits the ogre!
The ogre is severely wounded.
The ogre hits you with a +0 giant club!!
Ouch! That really hurt!
* * * LOW HITPOINT WARNING * * *
Casting: Sandblast (safe; 1% risk of failure)
Confirm with . or Enter, or press ? or * to list all spells.
Aiming: Sandblast (safe; 1% risk of failure)
Press: ? - help, Shift-Dir - straight line, f/p - ogre
Aim: an ogre, wielding a +0 giant club (severely wounded, 91% to hit)
The blast of sand hits the ogre.
The ogre is almost dead.
The ogre hits you with a +0 giant club!
You die...

...###.[..# #........#
### #...>...###### ##..
#.....#......# ##...
#..........#.#####....
#...........(.....))..
#.....##...#.####...<.
.##.....###..#.####.....
.......@.........#......
.##....O####............
#.....# #...#....##...
#########.#...#..###..
#).....##....###
##.###..###..#
#§.≈###...#..# ##.##
##..#.### #≈>≈# ##......


You could see an ogre.

Vanquished Creatures
  Grinder (D:3)
  A vampire bat (D:3)
  A hound (D:4)
  An iguana (D:4)
  3 adders
  A worm (D:2)
  A dart slug (D:4)
  3 fire bats (D:3)
  2 spectral bats (D:3)
  17 bats
  3 bat skeletons (D:3)
  A bat zombie (D:3)
  6 endoplasms
  4 giant cockroaches
  3 goblins
  5 hobgoblins
  2 jackals (D:3)
  3 quokkas
  A bat simulacrum (D:3)
  6 frilled lizards
  7 kobolds
  4 rats
76 creatures vanquished.

Notes
Turn   | Place    | Note
-------+----------+-------------------------------------------
     0 | D:1      | safid the Gargoyle Earth Elementalist began the quest for
                  | the Orb.
     0 | D:1      | Reached XP level 1. HP: 10/10 MP: 3/3
   547 | D:1      | Reached skill level 1 in Transmutations
   547 | D:1      | Reached XP level 2. HP: 8/15 MP: 3/5
  1335 | D:2      | Reached skill level 4 in Earth Magic
  1335 | D:2      | Reached XP level 3. HP: 19/19 MP: 6/6
  1558 | D:2      | Learned a level 3 spell: Stone Arrow
  1630 | D:2      | Found a runed translucent door.
  1631 | D:2      | Noticed Crazy Yiuf
  1706 | D:2      | Found a faded altar of an unknown god.
  1924 | D:3      | Found a glowing silver altar of Zin.
  1928 | D:3      | Found an ornate altar of the Wu Jian Council.
  1932 | D:3      | Found a sacrificial altar of Ru.
  2010 | D:3      | Found an opulent altar of Gozag.
  2190 | D:3      | Reached XP level 4. HP: 24/24 MP: 7/7
  2512 | D:3      | Reached XP level 5. HP: 19/28 MP: 7/9
  2902 | D:3      | Noticed Grinder
  2911 | D:3      | Paralysed by Grinder for 6 turns
  2917 | D:3      | Killed Grinder
  2918 | D:3      | Reached skill level 5 in Earth Magic
  2918 | D:3      | Reached XP level 6. HP: 20/32 MP: 2/11
  3042 | D:3      | Learned a level 4 spell: Iskenderun's Mystic Blast
  3092 | D:4      | Reached XP level 7. HP: 34/36 MP: 12/12
  3304 | D:4      | Found a staircase to the Ecumenical Temple.
  3316 | Temple   | Entered the Ecumenical Temple
  3543 | Temple   | Became a worshipper of Vehumet
  3626 | D:4      | Mangled by an ogre

Illustrated notes

Levels and vault maps discovered:
D:1:      nicolae_arrival_memento_mori, layout_basic
D:2:      layout_rooms, dilly_ecumenical_altar_fadedgnrine, chequers_jeans,
          uniq_crazy_yiuf_cottage
D:3:      minmay_wonky_spiral, layout_loops_ring,
          mainiacjoe_overflow_cross_hatched, grunt_temple_overflow_diamond,
          goddamned_bats, uniq_grinder
D:4:      layout_rooms, general_overflow_altar, minmay_temple_entry_metal_lava,
          serial_shops, nicolae_shop_stone
Temple:   jpeg_temple_island

Skill      XL: |  1  2  3  4  5  6  7 |
---------------+----------------------+-----
Transmutations | 1 2 |  2.5
Earth Magic    | 4 5 |  5.1
Dodging        | 2 3 |  3.0
Stealth        | 3 4 |  4.3
Spellcasting   | 3 |  3.4
Fighting       | |  0.6
Conjurations   | |  0.3
Translocations | |  0.2

Action                   |  1- 3 |  4- 6 |  7- 9 || total
-------------------------+-------+-------+-------++-------
Melee: Unarmed           |    29 |       |       ||    29
       Whip              |    22 |       |       ||    22
       Demon trident     |    69 |   104 |     9 ||   182
 Cast: Sandblast         |    13 |     8 |     6 ||    27
 Stab: Sleeping          |     7 |     6 |     1 ||    14
       Distracted        |       |     1 |       ||     1
Armor: Robe              |    40 |    76 |     1 ||   117
Dodge: Dodged            |    74 |   109 |     2 ||   185
